AoeStats
← Thewanderero

Black Forest

503238712Analyzed
4v4 RM · 1mo ago on Aug 30, 2026· 58m 1s· 8 players
Game mode
Random Map
Map size
Large (8 player)
Population
200
Speed
Normal
Resources
Standard
Victory
Conquest
Starting age
Dark Age
Ending age
Imperial Age
RankedLock teamsTeams togetherTeam positionsShared explorationLock speedFull tech treeHidden civsTurbo modeCheats
Victory
Defeat
🇪🇸 Dravidians · Spain
1153
+12
🇺🇸 Celts · United States
1145
+13
🇺🇸 Hindustanis · United States
1124
+13
🇵🇱 Byzantines · Poland
1112
+14
🇷🇺 Bohemians · Russia
1162
-17
🇧🇾 Spanish · Belarus
1099
-14
🇷🇺 Goths · Russia
1030
-11
🇷🇺 Mongols · Russia
984
-10
kubeszek
6:34 Loom
10:43 Feudal Age
11:12 Double-Bit Axe
11:09 Horse Collar
16:31 Castle Age
15:01 Gold Mining
15:15 Stone Mining
15:37 Horse Collar
17:54 Wheelbarrow
22:00 Heavy Plow
22:52 Bow Saw
26:42 Treadmill Crane
27:55 Hand Cart
31:36 Imperial Age
28:39 Pikeman
30:28 Gold Shaft Mining
30:28 Stone Shaft Mining
30:18 Ballistics
29:51 Elite Skirmisher
30:22 Fletching
30:33 Padded Archer Armor
30:43 Scale Mail Armor
31:08 Crossbowman
31:47 Bodkin Arrow
32:03 Forging
31:15 Man-at-Arms
31:42 Gambesons
31:58 Squires
33:20 Chemistry
32:42 Leather Archer Armor
32:17 Arson
32:26 Long Swordsman
32:32 Halberdier
33:35 Fortified Wall
33:30 Arrowslits
33:47 Bracer
36:06 Ring Archer Armor
36:12 Iron Casting
35:52 Chain Mail Armor
35:46 Thumb Ring
35:01 Arbalester
36:30 Caravan
36:42 Scale Barding Armor
37:15 Murder Holes
37:37 Guilds
40:58 Plate Mail Armor
40:48 Chain Barding Armor
40:32 Husbandry
39:52 Heavy Camel Rider
41:21 Capped Ram
43:10 Bombard Tower
43:27 Plate Barding Armor
43:10 Guard Tower
46:56 Long Swordsman
48:46 Two-Handed Swordsman
49:34 Siege Ram
49:49 Champion
51:56 Conscription
50:56 Elite Cataphract
56:00 Logistica
56:29 Keep
57:42 Greek Fire
58:19 Hoardings
Sir Penjamin Danklin II
0:26 Loom
12:05 Feudal Age
15:58 Castle Age
15:13 Double-Bit Axe
16:43 Fishing Lines
19:10 Bow Saw
20:05 Gillnets
22:09 Wheelbarrow
24:56 Horse Collar
26:45 Heavy Plow
27:19 Hand Cart
27:27 Gold Mining
27:28 Stone Mining
31:25 Imperial Age
29:33 Gold Shaft Mining
29:51 Scale Barding Armor
29:56 Forging
31:15 Chain Barding Armor
30:18 Light Cavalry
31:06 Husbandry
31:13 Town Watch
32:06 Stone Shaft Mining
31:44 Bloodlines
31:51 Caravan
31:32 Heavy Camel Rider
32:52 Iron Casting
33:20 Imperial Camel Rider
34:15 Grand Trunk Road
34:21 Grand Trunk Road
35:53 Two-Man Saw
35:35 Plate Barding Armor
36:00 Blast Furnace
35:34 Light Cavalry
36:53 Town Patrol
36:49 Hussar
39:18 Siege Engineers
40:14 Chemistry
39:36 Ballistics
39:28 Masonry
40:14 Elite Ghulam
41:07 Scale Mail Armor
42:07 Blast Furnace
ramis7_7
1:40 Loom
13:27 Feudal Age
14:09 Fishing Lines
14:17 Double-Bit Axe
19:17 Stone Mining
23:41 Castle Age
24:26 Gold Mining
25:39 Bow Saw
26:59 Wheelbarrow
26:49 Gillnets
28:25 Masonry
28:27 Fortified Wall
28:12 Murder Holes
28:38 Ballistics
28:26 Fletching
28:36 Padded Archer Armor
30:06 Husbandry
30:15 Medical Corps
30:57 Bodkin Arrow
31:17 Leather Archer Armor
31:08 Scale Barding Armor
34:05 Imperial Age
31:53 Hand Cart
31:23 Town Watch
31:50 Caravan
32:23 Coinage
33:18 Thumb Ring
33:43 Horse Collar
34:31 Chain Barding Armor
34:32 Elite Elephant Archer
35:14 Bracer
35:44 Ring Archer Armor
36:15 Guilds
36:36 Conscription
37:35 Two-Man Saw
37:45 Chemistry
37:19 Heavy Plow
39:04 Banking
39:22 Siege Elephant
45:38 Wootz Steel
45:54 Hoardings
49:01 Forging
48:52 Scale Mail Armor
48:41 Elite Urumi Swordsman
49:29 Squires
49:15 Arson
51:32 Iron Casting
51:12 Chain Mail Armor
54:04 Blast Furnace
53:40 Plate Mail Armor
SmokeyDaBear
0:27 Loom
11:49 Feudal Age
16:09 Castle Age
14:59 Double-Bit Axe
16:32 Horse Collar
21:21 Bow Saw
23:16 Gold Mining
23:20 Stone Mining
23:37 Heavy Plow
32:04 Imperial Age
30:18 Wheelbarrow
30:31 Fortified Wall
30:35 Masonry
30:27 Stone Mining
30:28 Gold Mining
33:33 Conscription
33:10 Onager
33:33 Man-at-Arms
33:59 Gambesons
33:37 Pikeman
34:07 Arson
34:27 Scale Mail Armor
34:38 Forging
34:54 Siege Onager
35:15 Halberdier
40:31 Chemistry
40:47 Chain Mail Armor
41:07 Iron Casting
40:01 Capped Ram
40:53 Siege Ram
42:16 Furor Celtica
58:18 Plate Mail Armor
58:48 Blast Furnace
batya007
0:50 Loom
13:10 Feudal Age
15:03 Wheelbarrow
15:25 Double-Bit Axe
19:14 Castle Age
18:09 Horse Collar
18:52 Gold Mining
19:00 Stone Mining
23:34 Bow Saw
27:18 Heavy Plow
28:34 Hand Cart
33:31 Imperial Age
33:39 Imperial Age
32:16 Nomads
33:37 Gold Shaft Mining
33:45 Stone Shaft Mining
33:22 Town Watch
34:15 Caravan
34:32 Scale Barding Armor
34:17 Fletching
34:38 Forging
34:29 Padded Archer Armor
34:29 Scale Mail Armor
35:55 Chain Barding Armor
36:16 Drill
37:02 Heavy Scorpion
39:09 Onager
41:22 Bodkin Arrow
41:57 Siege Onager
43:26 Light Cavalry
44:16 Bloodlines
44:07 Husbandry
43:45 Siege Onager
44:55 Conscription
45:11 Hoardings
Thewanderero
10:44 Loom
13:35 Feudal Age
14:13 Double-Bit Axe
16:02 Fishing Lines
19:20 Castle Age
18:41 Stone Mining
18:41 Gold Mining
20:24 Bow Saw
21:45 Gillnets
23:54 Gold Mining
24:39 Stone Shaft Mining
24:48 Wheelbarrow
27:20 Caravan
28:44 Hand Cart
28:15 Town Watch
28:40 Scale Barding Armor
28:45 Forging
28:35 Scale Mail Armor
33:03 Iron Casting
32:43 Chain Mail Armor
32:48 Chain Barding Armor
33:10 Horse Collar
38:06 Imperial Age
35:44 Heavy Plow
36:06 Chain Barding Armor
35:47 Padded Archer Armor
35:37 Fletching
39:18 Conscription
39:35 Hoardings
39:24 Supremacy
39:46 Leather Archer Armor
39:26 Bodkin Arrow
40:02 Plate Mail Armor
40:07 Plate Barding Armor
40:32 Blast Furnace
40:37 Chemistry
39:58 Ballistics
39:49 Masonry
39:50 Fortified Wall
39:36 Murder Holes
39:31 Guard Tower
39:27 Arrowslits
39:26 Elite Skirmisher
44:35 Bombard Tower
44:46 Architecture
44:20 Bracer
44:51 Ring Archer Armor
48:04 Two-Man Saw
52:55 Keep
53:42 Husbandry
54:29 Cavalier
54:30 Light Cavalry
55:20 Bloodlines
54:37 Cavalier
BDSM|POLSKA
0:32 Loom
12:34 Feudal Age
13:57 Wheelbarrow
13:18 Double-Bit Axe
13:34 Horse Collar
17:39 Castle Age
15:51 Gold Mining
16:21 Stone Mining
18:48 Heavy Plow
19:07 Hand Cart
19:59 Bow Saw
21:54 Fervor
33:06 Imperial Age
33:30 Anarchy
33:46 Forging
33:37 Scale Mail Armor
33:27 Fletching
33:39 Caravan
33:30 Pikeman
34:11 Squires
33:31 Man-at-Arms
35:16 Iron Casting
34:47 Perfusion
35:07 Conscription
34:27 Halberdier
36:36 Chemistry
35:53 Chain Mail Armor
35:33 Bodkin Arrow
45:02 Blast Furnace
44:35 Elite Huskarl
56:32 Long Swordsman
WAnds | danila90r
2:10 Loom
12:38 Feudal Age
15:09 Wheelbarrow
17:42 Castle Age
15:48 Double-Bit Axe
17:18 Horse Collar
20:06 Fervor
22:55 Bow Saw
27:22 Hand Cart
31:44 Imperial Age
31:24 Chemistry
30:46 Ballistics
31:07 Scale Mail Armor
31:17 Forging
33:17 Siege Engineers
34:57 Two-Man Saw
33:24 Pikeman
34:05 Squires
34:07 Houfnice
34:51 Town Watch
36:17 Chain Mail Armor
36:37 Iron Casting
35:58 Onager
37:25 Coinage
37:05 Guilds
38:01 Plate Mail Armor
37:52 Man-at-Arms
39:55 Banking
39:25 Caravan
38:52 Halberdier
40:37 Blast Furnace
42:53 Blast Furnace
41:44 Fletching
41:54 Padded Archer Armor
Connection lost

Rejoining the realm…

Still unreachable

The connection could not be restored.

Session expired

The server has moved on; the page needs a fresh start.